Canadiens vs Bruins

Created - 17 décembre 2021 at 17:16

Goals
1 2 3 T
Canadiens 0 1 0 1
Bruins 1 1 2 4
Shots
1 2 3 T
Canadiens 8 13 19 40
Bruins 7 11 12 30

GoalsPenalties
1st period
1. Bruins , Dylan Strome 9 (Jake Virtanen 3, Cole Caufield 4) at 10:39
Brandon Carlo (MON) for Holding (Minor) at 10:55
Carson Soucy (MON) for Holding (Minor) at 15:36
Colton Sceviour (BOS) for Elbowing (Minor) at 17:36
Luke Kunin (MON) for Hooking (Minor) at 19:36
2nd period
2. Bruins , Ryan Strome 11 (Bryan Little 10, Jack Campbell) at 0:27 (PP)
3. Canadiens , Kasperi Kapanen 5 (Jake Muzzin 20, Brandon Carlo 4) at 16:23
Matt Roy (MON) for Hooking (Minor) at 5:02
3rd period
4. Bruins , Carter Verhaeghe 11 (Nico Hischier 13, Sam Reinhart 5) at 4:36
5. Bruins , Dylan Strome 10 (Nico Hischier 14, Cole Caufield 5) at 15:07 (PP)
Brenden Dillon (BOS) for Goalie Interference (Minor) at 0:32
Brayden Schenn (MON) for Roughing (Minor) at 5:29
Zach Hyman (MON) for Tripping (Minor) at 14:43
Goalie Stats
Cam Talbot (MON), 26 saves from 30 shots - (0,867), L, 17-3-3, 60:00 minutes
Jack Campbell (BOS), 39 saves from 40 shots - (0,975), W, 2-4-1, 60:00 minutes
3 StarsOfficial
1 - Jack Campbell (BOS)
2 - Dylan Strome (BOS)
3 - Cole Caufield (BOS)
Referees : Jacob Brenk and Evgeny Romasko
Linesman : Brandon Gawryletz and Lonnie Cameron
Game Note
No Game Note
Finance
Level 1 -- Attendance: 5000 (100,00%) -- Ticket Income 450 000 $
Level 2 -- Attendance: 3931 (98,28%) -- Ticket Income 212 274 $
Level 3 -- Attendance: 3000 (100,00%) -- Ticket Income 99 000 $
Level 4 -- Attendance: 3959 (98,98%) -- Ticket Income 71 262 $
Luxury Box -- Attendance: 951 (95,10%) -- Ticket Income 175 935 $
Game was played at the TD Garden.
Total Attendance: 16841 (99,06%)
Total Ticket Income: 1 008 471 $
Other Income: 494 151 $
Total Income: 1 502 622 $



Team Name Goals Shots Shots Attemp Shots Blocked PIM HIT PP PK FO%
Canadiens 140871412240 / 2 (0%)261%
Bruins 4307094262 / 6 (33%)039%

Canadiens
Player Name POS G A P +/- PIM HIT SHT SB MP PP MP PP SHT PK MP PK SHT FO% FOT
Adam HenriqueC/LW000-1006012:581:5010:00071% 7
Auston MatthewsC/LW000-1015016:272:0820:00058% 24
Brandon CarloD0111201419:240:0003:3800% 0
Brandon TanevLW/RW0000041111:490:0004:1900% 2
Brayden SchennC/LW/RW0001226015:501:5720:00056% 25
Carson SoucyD0000240319:070:0004:0300% 0
Clayton KellerLW/RW000-1000012:581:5000:000100% 1
Egor KorshkovLW/RW000000017:300:0000:0000% 0
Jake MuzzinD0111011021:531:5714:0900% 0
John CarlsonD0000031219:562:0101:2400% 0
Jonathan HuberdeauLW0001015016:022:0810:0000% 0
Kasperi KapanenLW/RW1011013119:150:0005:2100% 1
Luke KuninC/RW0000201011:190:0003:50147% 15
Matt RoyD000-2200217:340:0003:0200% 0
Mitch MarnerRW000-1003016:272:0800:0000% 1
Morgan RiellyD000-2022020:062:0112:0600% 0
Radek FaksaC000-1022016:000:0004:52086% 21
Zach HymanLW/RW000-1233016:081:5010:0000% 0
Bruins
Player Name POS G A P +/- PIM HIT SHT SB MP PP MP PP SHT PK MP PK SHT FO% FOT
Brenden DillonD000-1253123:494:0611:0100% 0
Bryan LittleC/RW0110013017:494:5310:00040% 15
Carter VerhaegheC/LW/RW1010014019:524:5300:400100% 1
Cole CaufieldRW0221000013:584:0600:0000% 1
Colton SceviourC0000223011:400:2401:33015% 13
Dante FabbroD0001002013:430:0000:0000% 0
Dylan StromeC/LW/RW2021002014:104:1810:00046% 13
Evan BouchardD0001001120:395:0511:0900% 0
Haydn FleuryD0001030515:310:0001:4800% 0
Jake VirtanenRW0111020011:110:0001:19080% 5
Josh NorrisC0000042016:503:5410:00026% 19
Matthew NietoLW/RW0000001012:360:0002:5200% 0
Nico HischierC0220023019:034:1810:26045% 29
Olli MaattaD000-1021120:530:0002:1000% 0
Patrick MarleauC/LW/RW000000009:440:0000:0000% 0
Riley StillmanD0001030116:130:0001:4800% 0
Ryan StromeC/RW1010013019:075:0521:0600% 0
Sam ReinhartC/RW0110002019:124:5300:000100% 1

Canadiens

5 vs 5 Forward
Line #Left WingCenterRight WingPHYDFOFWanted %Time %Time Play
1Zach HymanAuston MatthewsMitch Marner0233031%14:19
2Jonathan HuberdeauBrayden SchennKasperi Kapanen0322830%13:54
3Adam HenriqueRadek FaksaClayton Keller0322424%11:08
4Brandon TanevLuke KuninEgor Korshkov1221816%7:30
5 vs 5 Defense
Line #DefenseDefensePHYDFOFWanted %Time %Time Play
1John CarlsonCarson Soucy0233432%15:05
2Jake MuzzinBrandon Carlo0323334%15:47
3Matt RoyMorgan Rielly1223331%14:33
4John CarlsonMorgan Rielly12203%1:26
Power Play Forward
Line #Left WingCenterRight WingPHYDFOFWanted %Time %Time Play
1Jonathan HuberdeauAuston MatthewsMitch Marner0145054%2:08
2Zach HymanAdam HenriqueClayton Keller0145046%1:50
Power Play Defense
Line #DefenseDefensePHYDFOFWanted %Time %Time Play
1John CarlsonMorgan Rielly0145051%2:01
2Jake MuzzinBrayden Schenn0145049%1:57
Penalty Kill 4 Players Forward
Line #CenterWingPHYDFOFWanted %Time %Time Play
1Radek FaksaKasperi Kapanen0415053%4:52
2Luke KuninBrandon Tanev0415047%4:19
Penalty Kill 4 Players Defense
Line #DefenseDefensePHYDFOFWanted %Time %Time Play
1Jake MuzzinMatt Roy0415045%4:09
2Brandon CarloCarson Soucy0415055%5:02
Penalty Kill 3 Players
Line #WingPHYDFOFWanted %Time %Time PlayDefenseDefensePHYDFOFWanted %Time %Time Play
1Radek Faksa050500%0:00 Carson SoucyBrandon Carlo050500%0:00
2Luke Kunin050500%0:00 Jake MuzzinMatt Roy050500%0:00
4 vs 4 Forward
Line #CenterWingPHYDFOFWanted %Time %Time Play
1Auston MatthewsMitch Marner023500%0:00
2Brayden SchennJonathan Huberdeau023500%0:00
4 vs 4 Defense
Line #DefensePHYDFOFWanted %Time %Time Play
1John CarlsonCarson Soucy032500%0:00
2Matt RoyMorgan Rielly032500%0:00
Last Minutes Offensive
Left WingCenterRight WingDefenseDefense
Jonathan HuberdeauAuston MatthewsMitch MarnerJohn CarlsonMorgan Rielly
Last Minutes Defensive
Left WingCenterRight WingDefenseDefense
Brandon TanevRadek FaksaLuke KuninJake MuzzinBrandon Carlo
Time
Total ForwardTotal DefenseLast Minutes OffensiveLast Minutes Defensive
60:00 60:00 0:000:00
Extra Forwards
Normal PowerPlayPenalty Kill
Clayton Keller, Kasperi Kapanen, Luke KuninClayton Keller, Kasperi KapanenKasperi Kapanen
Extra Defensemen
Normal PowerPlayPenalty Kill
Matt Roy, Carson Soucy, Brandon CarloCarson Soucy, Morgan RiellyCarson Soucy
Penalty Shots
Auston Matthews, Clayton Keller, Jonathan Huberdeau, Kasperi Kapanen, Zach Hyman
Goalie
Cam Talbot, Frederik Andersen
Custom OT Lines Forwards
Auston Matthews, Mitch Marner, Jonathan Huberdeau, Brayden Schenn, Radek Faksa, Clayton Keller, Zach Hyman, Luke Kunin, Kasperi Kapanen, Adam Henrique
Custom OT Lines Defensemen
John Carlson, Morgan Rielly, Jake Muzzin, Brandon Carlo, Matt Roy
Scratches
T.J. Brodie (Healthy), Lucas Wallmark (Healthy), Adam Brooks (Healthy)

Bruins

5 vs 5 Forward
Line #Left WingCenterRight WingPHYDFOFWanted %Time %Time Play
1Carter VerhaegheNico HischierSam Reinhart0143131%14:19
2Ryan StromeJosh NorrisBryan Little0232728%12:56
3Jake VirtanenDylan StromeCole Caufield0322321%9:52
4Patrick MarleauColton SceviourMatthew Nieto1311921%9:44
5 vs 5 Defense
Line #DefenseDefensePHYDFOFWanted %Time %Time Play
1Brenden DillonOlli Maatta0414140%18:43
2Haydn FleuryDante Fabbro0322829%13:43
3Riley StillmanEvan Bouchard0322531%14:25
4Brenden DillonOlli Maatta04160%0:00
Power Play Forward
Line #Left WingCenterRight WingPHYDFOFWanted %Time %Time Play
1Carter VerhaegheBryan LittleSam Reinhart0056053%4:53
2Josh NorrisNico HischierDylan Strome0144047%4:18
Power Play Defense
Line #DefenseDefensePHYDFOFWanted %Time %Time Play
1Ryan StromeEvan Bouchard0056055%5:05
2Brenden DillonCole Caufield0144045%4:06
Penalty Kill 4 Players Forward
Line #CenterWingPHYDFOFWanted %Time %Time Play
1Colton SceviourMatthew Nieto1406089%3:32
2Nico HischierRyan Strome1404011%0:26
Penalty Kill 4 Players Defense
Line #DefenseDefensePHYDFOFWanted %Time %Time Play
1Olli MaattaBrenden Dillon1406055%2:10
2Riley StillmanHaydn Fleury1404045%1:48
Penalty Kill 3 Players
Line #WingPHYDFOFWanted %Time %Time PlayDefenseDefensePHYDFOFWanted %Time %Time Play
1Matthew Nieto050500%0:00 Olli MaattaBrenden Dillon050600%0:00
2Colton Sceviour050500%0:00 Riley StillmanDante Fabbro050400%0:00
4 vs 4 Forward
Line #CenterWingPHYDFOFWanted %Time %Time Play
1Ryan StromeCarter Verhaeghe023500%0:00
2Nico HischierJosh Norris023500%0:00
4 vs 4 Defense
Line #DefensePHYDFOFWanted %Time %Time Play
1Evan BouchardBrenden Dillon023500%0:00
2Riley StillmanHaydn Fleury032500%0:00
Last Minutes Offensive
Left WingCenterRight WingDefenseDefense
Carter VerhaegheSam ReinhartNico HischierDante FabbroBrenden Dillon
Last Minutes Defensive
Left WingCenterRight WingDefenseDefense
Patrick MarleauNico HischierMatthew NietoOlli MaattaBrenden Dillon
Time
Total ForwardTotal DefenseLast Minutes OffensiveLast Minutes Defensive
60:00 60:00 0:000:00
Extra Forwards
Normal PowerPlayPenalty Kill
Nico Hischier, Sam Reinhart, Ryan StromeNico Hischier, Colton SceviourJake Virtanen
Extra Defensemen
Normal PowerPlayPenalty Kill
Dante Fabbro, Brenden Dillon, Olli MaattaDante Fabbro, Evan BouchardOlli Maatta
Penalty Shots
Bryan Little, Sam Reinhart, Carter Verhaeghe, Ryan Strome, Nico Hischier
Goalie
Jack Campbell, Alexandar Georgiev
Custom OT Lines Forwards
Ryan Strome, Sam Reinhart, Nico Hischier, Bryan Little, Carter Verhaeghe, Josh Norris, Cole Caufield, Colton Sceviour, Dylan Strome, Matthew Nieto
Custom OT Lines Defensemen
Brenden Dillon, Evan Bouchard, Olli Maatta, Dante Fabbro, Haydn Fleury
Scratches
Evgeny Svechnikov (Healthy), Mikko Lehtonen (Healthy), Corey Crawford (Healthy)


Play-by-Play

1st period


0:01 of 1st period - Nico Hischier wins face-off versus Auston Matthews in neutral zone.
0:01 of 1st period - Nico Hischier is hit by Zach Hyman.
0:19 of 1st period - Shot by Nico Hischier.
0:19 of 1st period - Shot Misses the Net.
0:25 of 1st period - Brenden Dillon is hit by Zach Hyman and loses puck.
1:07 of 1st period - Icing by Jake Muzzin.
1:08 of 1st period - Dylan Strome wins face-off versus Brayden Schenn in Canadiens zone.
1:54 of 1st period - Icing by Riley Stillman.
1:55 of 1st period - Dylan Strome wins face-off versus Luke Kunin in Bruins zone.
2:12 of 1st period - Shot by Luke Kunin.
2:12 of 1st period - Shot Misses the Net.
2:41 of 1st period - Shot by Matthew Nieto.
2:41 of 1st period - Shot Blocked by Matt Roy.
2:43 of 1st period - Shot by Colton Sceviour.
2:43 of 1st period - Shot Blocked by Egor Korshkov.
2:45 of 1st period - Shot by Dante Fabbro.
2:45 of 1st period - Stopped by Cam Talbot without a rebound.
2:46 of 1st period - Radek Faksa wins face-off versus Bryan Little in Canadiens zone.
2:57 of 1st period - Shot by Adam Henrique.
2:57 of 1st period - Stopped by Jack Campbell with a rebound.
2:59 of 1st period - Shot by Radek Faksa.
2:59 of 1st period - Shot Misses the Net.
3:17 of 1st period - Shot by Adam Henrique.
3:17 of 1st period - Stopped by Jack Campbell without a rebound.
3:18 of 1st period - Nico Hischier wins face-off versus Auston Matthews in Bruins zone.
3:38 of 1st period - Auston Matthews is hit by Riley Stillman and loses puck.
3:48 of 1st period - Shot by Riley Stillman.
3:48 of 1st period - Shot Misses the Net.
3:56 of 1st period - Shot by Carter Verhaeghe.
3:56 of 1st period - Stopped by Cam Talbot without a rebound.
3:57 of 1st period - Radek Faksa wins face-off versus Josh Norris in Canadiens zone.
4:06 of 1st period - Shot by Clayton Keller.
4:06 of 1st period - Shot Blocked by Haydn Fleury.
4:19 of 1st period - Radek Faksa is hit by Haydn Fleury and loses puck.
4:48 of 1st period - Icing by Haydn Fleury.
4:49 of 1st period - Josh Norris wins face-off versus Brayden Schenn in Bruins zone.
5:35 of 1st period - Icing by Carson Soucy.
5:36 of 1st period - Dylan Strome wins face-off versus Brayden Schenn in Canadiens zone.
6:07 of 1st period - Shot by Jake Virtanen.
6:07 of 1st period - Shot Misses the Net.
7:02 of 1st period - Off-side.
7:03 of 1st period - Josh Norris wins face-off versus Auston Matthews in neutral zone.
7:03 of 1st period - Josh Norris is hit by Zach Hyman.
7:17 of 1st period - Shot by Auston Matthews.
7:17 of 1st period - Shot Misses the Net.
7:19 of 1st period - Shot by Mitch Marner.
7:19 of 1st period - Stopped by Jack Campbell with a rebound.
7:28 of 1st period - Shot by Zach Hyman.
7:28 of 1st period - Shot Blocked by Brenden Dillon.
7:30 of 1st period - Shot by Brandon Carlo.
7:30 of 1st period - Shot Blocked by Olli Maatta.
7:32 of 1st period - Shot by Zach Hyman.
7:32 of 1st period - Stopped by Jack Campbell without a rebound.
7:33 of 1st period - Luke Kunin wins face-off versus Colton Sceviour in Bruins zone.
8:31 of 1st period - Riley Stillman is hit by Radek Faksa.
8:37 of 1st period - Radek Faksa is hit by Colton Sceviour and loses puck.
8:56 of 1st period - Shot by Adam Henrique.
8:56 of 1st period - Shot Misses the Net.
8:58 of 1st period - Shot by Radek Faksa.
8:58 of 1st period - Deflect By Clayton Keller.
8:58 of 1st period - Shot Misses the Net.
9:24 of 1st period - Shot by Nico Hischier.
9:24 of 1st period - Shot Misses the Net.
10:04 of 1st period - Morgan Rielly is hit by Brenden Dillon and loses puck.
10:39 of 1st period - Shot by Jake Virtanen.
10:39 of 1st period - Deflect By Dylan Strome.
10:39 of 1st period - Goal by Dylan Strome - Canadiens : 0 - Bruins : 1.
10:40 of 1st period - Luke Kunin wins face-off versus Bryan Little in neutral zone.
10:40 of 1st period - Jake Muzzin is hit by Josh Norris and loses puck.
10:45 of 1st period - Haydn Fleury is hit by Brandon Tanev and loses puck.
10:55 of 1st period - Minor Penalty to Brandon Carlo for Holding.
10:56 of 1st period - Radek Faksa wins face-off versus Nico Hischier in Canadiens zone.
10:56 of 1st period - Radek Faksa is hit by Josh Norris.
11:09 of 1st period - Josh Norris is hit by John Carlson and loses puck.
11:14 of 1st period - Shot by Cole Caufield.
11:14 of 1st period - Shot Blocked by Brandon Tanev.
12:07 of 1st period - Shot by Sam Reinhart.
12:07 of 1st period - Shot Misses the Net.
12:09 of 1st period - Shot by Ryan Strome.
12:09 of 1st period - Shot Blocked by John Carlson.
12:11 of 1st period - Shot by Sam Reinhart.
12:11 of 1st period - Deflect By Bryan Little.
12:11 of 1st period - Shot Blocked by Kasperi Kapanen.
12:13 of 1st period - Shot by Evan Bouchard.
12:13 of 1st period - Shot Misses the Net.
12:17 of 1st period - Shot by Bryan Little.
12:17 of 1st period - Shot Misses the Net.
12:19 of 1st period - Shot by Bryan Little.
12:19 of 1st period - Stopped by Cam Talbot without a rebound.
12:20 of 1st period - Nico Hischier wins face-off versus Luke Kunin in Canadiens zone.
12:37 of 1st period - Shot by Josh Norris.
12:37 of 1st period - Shot Misses the Net.
12:46 of 1st period - Nico Hischier is hit by Jake Muzzin and loses puck.
13:10 of 1st period - Shot by Matthew Nieto.
13:10 of 1st period - Deflect By Colton Sceviour.
13:10 of 1st period - Shot Blocked by Brandon Carlo.
13:14 of 1st period - Shot by Colton Sceviour.
13:14 of 1st period - Stopped by Cam Talbot without a rebound.
13:15 of 1st period - Radek Faksa wins face-off versus Josh Norris in Canadiens zone.
13:44 of 1st period - Shot by Adam Henrique.
13:44 of 1st period - Stopped by Jack Campbell without a rebound.
13:45 of 1st period - Brayden Schenn wins face-off versus Colton Sceviour in Bruins zone.
14:08 of 1st period - Shot by Brayden Schenn.
14:08 of 1st period - Stopped by Jack Campbell without a rebound.
14:09 of 1st period - Luke Kunin wins face-off versus Dylan Strome in Bruins zone.
15:04 of 1st period - Icing by Carson Soucy.
15:05 of 1st period - Radek Faksa wins face-off versus Nico Hischier in Canadiens zone.
15:36 of 1st period - Minor Penalty to Carson Soucy for Holding.
15:37 of 1st period - Bryan Little wins face-off versus Luke Kunin in Canadiens zone.
16:04 of 1st period - Shot by Ryan Strome.
16:04 of 1st period - Stopped by Cam Talbot without a rebound.
16:05 of 1st period - Radek Faksa wins face-off versus Nico Hischier in Canadiens zone.
16:11 of 1st period - Icing by Brenden Dillon.
16:12 of 1st period - Radek Faksa wins face-off versus Nico Hischier in Bruins zone.
17:07 of 1st period - Icing by Bryan Little.
17:08 of 1st period - Radek Faksa wins face-off versus Bryan Little in Bruins zone.
17:27 of 1st period - Icing by Evan Bouchard.
17:28 of 1st period - Bryan Little wins face-off versus Brandon Tanev in Bruins zone.
17:36 of 1st period - Minor Penalty to Colton Sceviour for Elbowing.
17:37 of 1st period - Jake Virtanen wins face-off versus Auston Matthews in Bruins zone.
17:37 of 1st period - Jake Virtanen is hit by Jonathan Huberdeau.
17:49 of 1st period - Shot by Jonathan Huberdeau.
17:49 of 1st period - Stopped by Jack Campbell without a rebound.
17:50 of 1st period - Jake Virtanen wins face-off versus Adam Henrique in Bruins zone.
18:00 of 1st period - Off-side.
18:01 of 1st period - Jake Virtanen wins face-off versus Auston Matthews in neutral zone.
18:18 of 1st period - Shot by Mitch Marner.
18:18 of 1st period - Shot Blocked by Haydn Fleury.
18:20 of 1st period - Shot by Jake Muzzin.
18:20 of 1st period - Shot Misses the Net.
18:22 of 1st period - Shot by Jonathan Huberdeau.
18:22 of 1st period - Shot Misses the Net.
18:24 of 1st period - Shot by Auston Matthews.
18:24 of 1st period - Stopped by Jack Campbell with a rebound.
18:26 of 1st period - Shot by Jake Muzzin.
18:26 of 1st period - Shot Blocked by Riley Stillman.
19:17 of 1st period - Icing by Clayton Keller.
19:18 of 1st period - Jake Virtanen wins face-off versus Adam Henrique in Canadiens zone.
19:33 of 1st period - Shot by John Carlson.
19:33 of 1st period - Shot Misses the Net.
19:35 of 1st period - Shot by John Carlson.
19:35 of 1st period - Shot Blocked by Haydn Fleury.
19:36 of 1st period - Minor Penalty to Luke Kunin for Hooking.
19:37 of 1st period - Radek Faksa wins face-off versus Nico Hischier in Canadiens zone.
19:37 of 1st period - Radek Faksa is hit by Josh Norris.
19:49 of 1st period - Shot by Ryan Strome.
19:49 of 1st period - Shot Misses the Net.
19:51 of 1st period - Shot by Nico Hischier.
19:51 of 1st period - Stopped by Cam Talbot without a rebound.
19:52 of 1st period - Bryan Little wins face-off versus Kasperi Kapanen in Canadiens zone.
Goals for this period are 0 for Canadiens vs 1 for Bruins.
Shots for this period are 8 for Canadiens vs 7 for Bruins.

2nd period


0:01 of 2nd period - Radek Faksa wins face-off versus Bryan Little in neutral zone.
0:27 of 2nd period - Shot by Ryan Strome.
0:27 of 2nd period - Goal by Ryan Strome - Canadiens : 0 - Bruins : 2.
0:28 of 2nd period - Auston Matthews wins face-off versus Cole Caufield in neutral zone.
0:35 of 2nd period - Shot by Auston Matthews.
0:35 of 2nd period - Shot Misses the Net.
0:37 of 2nd period - Shot by Mitch Marner.
0:37 of 2nd period - Shot Misses the Net.
0:39 of 2nd period - Shot by Zach Hyman.
0:39 of 2nd period - Deflect By Auston Matthews.
0:39 of 2nd period - Stopped by Jack Campbell without a rebound.
0:40 of 2nd period - Radek Faksa wins face-off versus Colton Sceviour in Bruins zone.
1:09 of 2nd period - Shot by Colton Sceviour.
1:09 of 2nd period - Stopped by Cam Talbot with a rebound.
1:11 of 2nd period - Shot by Colton Sceviour.
1:11 of 2nd period - Shot Misses the Net.
1:13 of 2nd period - Shot by Colton Sceviour.
1:13 of 2nd period - Shot Misses the Net.
1:53 of 2nd period - Shot by Jonathan Huberdeau.
1:53 of 2nd period - Shot Misses the Net.
2:11 of 2nd period - Shot by Jonathan Huberdeau.
2:11 of 2nd period - Shot Blocked by Haydn Fleury.
2:13 of 2nd period - Shot by Brayden Schenn.
2:13 of 2nd period - Stopped by Jack Campbell without a rebound.
2:14 of 2nd period - Auston Matthews wins face-off versus Josh Norris in Bruins zone.
2:49 of 2nd period - Zach Hyman is hit by Riley Stillman.
3:16 of 2nd period - Off-side.
3:17 of 2nd period - Nico Hischier wins face-off versus Brayden Schenn in neutral zone.
3:17 of 2nd period - Carter Verhaeghe is hit by Kasperi Kapanen and loses puck.
3:44 of 2nd period - Shot by Brayden Schenn.
3:44 of 2nd period - Shot Misses the Net.
3:50 of 2nd period - Shot by Brayden Schenn.
3:50 of 2nd period - Stopped by Jack Campbell without a rebound.
3:51 of 2nd period - Luke Kunin wins face-off versus Jake Virtanen in Bruins zone.
4:55 of 2nd period - Shot by Mitch Marner.
4:55 of 2nd period - Shot Misses the Net.
5:02 of 2nd period - Minor Penalty to Matt Roy for Hooking.
5:03 of 2nd period - Bryan Little wins face-off versus Radek Faksa in Canadiens zone.
5:08 of 2nd period - Shot by Bryan Little.
5:08 of 2nd period - Shot Misses the Net.
5:15 of 2nd period - Icing by Bryan Little.
5:16 of 2nd period - Radek Faksa wins face-off versus Bryan Little in Bruins zone.
5:41 of 2nd period - Shot by Evan Bouchard.
5:41 of 2nd period - Shot Blocked by Carson Soucy.
6:25 of 2nd period - Shot by Josh Norris.
6:25 of 2nd period - Shot Misses the Net.
6:29 of 2nd period - Shot by Brenden Dillon.
6:29 of 2nd period - Stopped by Cam Talbot without a rebound.
6:30 of 2nd period - Bryan Little wins face-off versus Brandon Tanev in Canadiens zone.
6:49 of 2nd period - Ryan Strome is hit by Radek Faksa and loses puck.
7:08 of 2nd period - Shot by Mitch Marner.
7:08 of 2nd period - Stopped by Jack Campbell without a rebound.
7:09 of 2nd period - Colton Sceviour wins face-off versus Auston Matthews in Bruins zone.
7:13 of 2nd period - Matthew Nieto is hit by Carson Soucy and loses puck.
7:44 of 2nd period - Shot by Colton Sceviour.
7:44 of 2nd period - Stopped by Cam Talbot with a rebound.
7:46 of 2nd period - Shot by Olli Maatta.
7:46 of 2nd period - Shot Blocked by Carson Soucy.
7:48 of 2nd period - Shot by Brenden Dillon.
7:48 of 2nd period - Stopped by Cam Talbot without a rebound.
7:49 of 2nd period - Brayden Schenn wins face-off versus Dylan Strome in Canadiens zone.
7:58 of 2nd period - Shot by Brayden Schenn.
7:58 of 2nd period - Deflect By Jonathan Huberdeau.
7:58 of 2nd period - Shot Blocked by Haydn Fleury.
8:00 of 2nd period - Shot by Morgan Rielly.
8:00 of 2nd period - Shot Misses the Net.
8:02 of 2nd period - Shot by Matt Roy.
8:02 of 2nd period - Shot Misses the Net.
8:47 of 2nd period - Kasperi Kapanen is hit by Carter Verhaeghe and loses puck.
9:09 of 2nd period - Shot by Carter Verhaeghe.
9:09 of 2nd period - Stopped by Cam Talbot without a rebound.
9:10 of 2nd period - Auston Matthews wins face-off versus Josh Norris in Canadiens zone.
10:36 of 2nd period - Shot by Sam Reinhart.
10:36 of 2nd period - Stopped by Cam Talbot without a rebound.
10:37 of 2nd period - Dylan Strome wins face-off versus Luke Kunin in Canadiens zone.
11:29 of 2nd period - Icing by Morgan Rielly.
11:30 of 2nd period - Nico Hischier wins face-off versus Luke Kunin in Canadiens zone.
11:36 of 2nd period - Luke Kunin is hit by Brenden Dillon and loses puck.
12:03 of 2nd period - Brandon Carlo is hit by Nico Hischier and loses puck.
12:11 of 2nd period - Icing by Brandon Carlo.
12:12 of 2nd period - Brayden Schenn wins face-off versus Josh Norris in Canadiens zone.
12:12 of 2nd period - Brayden Schenn is hit by Ryan Strome.
12:26 of 2nd period - Shot by Kasperi Kapanen.
12:26 of 2nd period - Deflect By Jonathan Huberdeau.
12:26 of 2nd period - Stopped by Jack Campbell without a rebound.
12:27 of 2nd period - Adam Henrique wins face-off versus Dylan Strome in Bruins zone.
12:47 of 2nd period - Shot by Jake Virtanen.
12:47 of 2nd period - Shot Blocked by John Carlson.
12:52 of 2nd period - Cole Caufield is hit by Carson Soucy and loses puck.
12:56 of 2nd period - Cole Caufield is hit by John Carlson and loses puck.
13:32 of 2nd period - Josh Norris is hit by Carson Soucy.
13:48 of 2nd period - Shot by Ryan Strome.
13:48 of 2nd period - Stopped by Cam Talbot without a rebound.
13:49 of 2nd period - Nico Hischier wins face-off versus Brayden Schenn in Canadiens zone.
14:04 of 2nd period - Shot by Nico Hischier.
14:04 of 2nd period - Stopped by Cam Talbot without a rebound.
14:05 of 2nd period - Auston Matthews wins face-off versus Bryan Little in Canadiens zone.
14:05 of 2nd period - Auston Matthews is hit by Josh Norris.
14:08 of 2nd period - Icing by Zach Hyman.
14:09 of 2nd period - Josh Norris wins face-off versus Mitch Marner in Canadiens zone.
14:10 of 2nd period - Shot by Bryan Little.
14:10 of 2nd period - Shot Hit the Post.
14:17 of 2nd period - Icing by Matt Roy.
14:18 of 2nd period - Auston Matthews wins face-off versus Nico Hischier in Canadiens zone.
14:58 of 2nd period - Shot by Mitch Marner.
14:58 of 2nd period - Shot Misses the Net.
15:00 of 2nd period - Shot by Morgan Rielly.
15:00 of 2nd period - Stopped by Jack Campbell without a rebound.
15:01 of 2nd period - Brayden Schenn wins face-off versus Josh Norris in Bruins zone.
15:06 of 2nd period - Shot by Kasperi Kapanen.
15:06 of 2nd period - Stopped by Jack Campbell without a rebound.
15:07 of 2nd period - Brayden Schenn wins face-off versus Josh Norris in Bruins zone.
15:14 of 2nd period - Shot by Jonathan Huberdeau.
15:14 of 2nd period - Stopped by Jack Campbell without a rebound.
15:15 of 2nd period - Brayden Schenn wins face-off versus Josh Norris in Bruins zone.
15:16 of 2nd period - Shot by Jonathan Huberdeau.
15:16 of 2nd period - Shot Misses the Net.
15:32 of 2nd period - Icing by Josh Norris.
15:33 of 2nd period - Josh Norris wins face-off versus Auston Matthews in Bruins zone.
15:33 of 2nd period - Josh Norris is hit by Auston Matthews.
15:41 of 2nd period - Shot by Bryan Little.
15:41 of 2nd period - Deflect By Josh Norris.
15:41 of 2nd period - Stopped by Cam Talbot with a rebound.
15:51 of 2nd period - Shot by Auston Matthews.
15:51 of 2nd period - Shot Blocked by Evan Bouchard.
15:53 of 2nd period - Shot by Auston Matthews.
15:53 of 2nd period - Shot Misses the Net.
15:55 of 2nd period - Shot by Mitch Marner.
15:55 of 2nd period - Stopped by Jack Campbell without a rebound.
15:56 of 2nd period - Brayden Schenn wins face-off versus Nico Hischier in Bruins zone.
16:17 of 2nd period - Shot by Brayden Schenn.
16:17 of 2nd period - Shot Misses the Net.
16:23 of 2nd period - Shot by Kasperi Kapanen.
16:23 of 2nd period - Goal by Kasperi Kapanen - Canadiens : 1 - Bruins : 2.
16:24 of 2nd period - Clayton Keller wins face-off versus Colton Sceviour in neutral zone.
16:26 of 2nd period - John Carlson is hit by Haydn Fleury and loses puck.
16:43 of 2nd period - Shot by Matthew Nieto.
16:43 of 2nd period - Stopped by Cam Talbot without a rebound.
16:44 of 2nd period - Auston Matthews wins face-off versus Josh Norris in Canadiens zone.
16:51 of 2nd period - Shot by Zach Hyman.
16:51 of 2nd period - Shot Misses the Net.
16:53 of 2nd period - Shot by Zach Hyman.
16:53 of 2nd period - Stopped by Jack Campbell without a rebound.
16:54 of 2nd period - Brayden Schenn wins face-off versus Nico Hischier in Bruins zone.
16:54 of 2nd period - Brayden Schenn is hit by Olli Maatta.
17:20 of 2nd period - Shot by Jonathan Huberdeau.
17:20 of 2nd period - Stopped by Jack Campbell with a rebound.
17:22 of 2nd period - Shot by Brayden Schenn.
17:22 of 2nd period - Stopped by Jack Campbell without a rebound.
17:23 of 2nd period - Radek Faksa wins face-off versus Josh Norris in Bruins zone.
17:29 of 2nd period - Icing by Haydn Fleury.
17:30 of 2nd period - Auston Matthews wins face-off versus Bryan Little in Bruins zone.
18:24 of 2nd period - Auston Matthews is hit by Olli Maatta and loses puck.
18:54 of 2nd period - Icing by Brenden Dillon.
18:55 of 2nd period - Nico Hischier wins face-off versus Brayden Schenn in Bruins zone.
18:55 of 2nd period - Olli Maatta is hit by Brayden Schenn and loses puck.
Goals for this period are 1 for Canadiens vs 1 for Bruins.
Shots for this period are 13 for Canadiens vs 11 for Bruins.

3rd period


0:01 of 3rd period - Radek Faksa wins face-off versus Josh Norris in neutral zone.
0:16 of 3rd period - Shot by Adam Henrique.
0:16 of 3rd period - Stopped by Jack Campbell with a rebound.
0:32 of 3rd period - Minor Penalty to Brenden Dillon for Goalie Interference.
0:33 of 3rd period - Auston Matthews wins face-off versus Colton Sceviour in Bruins zone.
0:36 of 3rd period - Shot by Jonathan Huberdeau.
0:36 of 3rd period - Shot Misses the Net.
0:56 of 3rd period - Shot by Morgan Rielly.
0:56 of 3rd period - Stopped by Jack Campbell without a rebound.
0:57 of 3rd period - Adam Henrique wins face-off versus Colton Sceviour in Bruins zone.
1:12 of 3rd period - Shot by Brayden Schenn.
1:12 of 3rd period - Stopped by Jack Campbell without a rebound.
1:13 of 3rd period - Auston Matthews wins face-off versus Colton Sceviour in Bruins zone.
1:42 of 3rd period - Shot by Jonathan Huberdeau.
1:42 of 3rd period - Deflect By Auston Matthews.
1:42 of 3rd period - Stopped by Jack Campbell without a rebound.
1:43 of 3rd period - Adam Henrique wins face-off versus Nico Hischier in Bruins zone.
1:46 of 3rd period - Shot by Zach Hyman.
1:46 of 3rd period - Stopped by Jack Campbell with a rebound.
1:48 of 3rd period - Shot by Jake Muzzin.
1:48 of 3rd period - Stopped by Jack Campbell without a rebound.
1:49 of 3rd period - Adam Henrique wins face-off versus Nico Hischier in Bruins zone.
1:50 of 3rd period - Shot by Clayton Keller.
1:50 of 3rd period - Shot Misses the Net.
1:52 of 3rd period - Shot by Adam Henrique.
1:52 of 3rd period - Stopped by Jack Campbell without a rebound.
1:53 of 3rd period - Adam Henrique wins face-off versus Colton Sceviour in Bruins zone.
1:54 of 3rd period - Shot by Jake Muzzin.
1:54 of 3rd period - Shot Misses the Net.
2:20 of 3rd period - Shot by Brayden Schenn.
2:20 of 3rd period - Stopped by Jack Campbell without a rebound.
2:21 of 3rd period - Nico Hischier wins face-off versus Auston Matthews in Bruins zone.
2:34 of 3rd period - Shot by Matt Roy.
2:34 of 3rd period - Shot Misses the Net.
2:36 of 3rd period - Shot by Brandon Tanev.
2:36 of 3rd period - Shot Misses the Net.
2:38 of 3rd period - Shot by Morgan Rielly.
2:38 of 3rd period - Shot Misses the Net.
2:54 of 3rd period - Brandon Tanev is hit by Jake Virtanen and loses puck.
3:13 of 3rd period - Shot by Brandon Tanev.
3:13 of 3rd period - Stopped by Jack Campbell without a rebound.
3:14 of 3rd period - Auston Matthews wins face-off versus Josh Norris in Bruins zone.
3:29 of 3rd period - Off-side.
3:30 of 3rd period - Nico Hischier wins face-off versus Brayden Schenn in neutral zone.
3:51 of 3rd period - Off-side.
3:52 of 3rd period - Auston Matthews wins face-off versus Josh Norris in neutral zone.
4:30 of 3rd period - Shot by Auston Matthews.
4:30 of 3rd period - Stopped by Jack Campbell without a rebound.
4:31 of 3rd period - Sam Reinhart wins face-off versus Radek Faksa in Bruins zone.
4:36 of 3rd period - Shot by Carter Verhaeghe.
4:36 of 3rd period - Goal by Carter Verhaeghe - Canadiens : 1 - Bruins : 3.
4:37 of 3rd period - Nico Hischier wins face-off versus Radek Faksa in neutral zone.
4:48 of 3rd period - Shot by Carter Verhaeghe.
4:48 of 3rd period - Stopped by Cam Talbot with a rebound.
4:51 of 3rd period - Icing by Morgan Rielly.
4:52 of 3rd period - Radek Faksa wins face-off versus Colton Sceviour in Canadiens zone.
5:11 of 3rd period - Shot by Radek Faksa.
5:11 of 3rd period - Stopped by Jack Campbell with a rebound.
5:13 of 3rd period - Shot by Adam Henrique.
5:13 of 3rd period - Stopped by Jack Campbell with a rebound.
5:15 of 3rd period - Shot by Adam Henrique.
5:15 of 3rd period - Shot Misses the Net.
5:17 of 3rd period - Shot by Radek Faksa.
5:17 of 3rd period - Shot Misses the Net.
5:19 of 3rd period - Shot by Radek Faksa.
5:19 of 3rd period - Stopped by Jack Campbell without a rebound.
5:20 of 3rd period - Nico Hischier wins face-off versus Brayden Schenn in Bruins zone.
5:22 of 3rd period - Icing by Riley Stillman.
5:23 of 3rd period - Brayden Schenn wins face-off versus Nico Hischier in Bruins zone.
5:29 of 3rd period - Minor Penalty to Brayden Schenn for Roughing.
5:30 of 3rd period - Luke Kunin wins face-off versus Bryan Little in Canadiens zone.
5:30 of 3rd period - Brandon Carlo is hit by Bryan Little and loses puck.
5:35 of 3rd period - Shot by Ryan Strome.
5:35 of 3rd period - Shot Hit the Post.
5:49 of 3rd period - Shot by Sam Reinhart.
5:49 of 3rd period - Shot Misses the Net.
5:51 of 3rd period - Shot by Evan Bouchard.
5:51 of 3rd period - Shot Blocked by Matt Roy.
5:53 of 3rd period - Shot by Evan Bouchard.
5:53 of 3rd period - Stopped by Cam Talbot without a rebound.
5:54 of 3rd period - Nico Hischier wins face-off versus Luke Kunin in Canadiens zone.
5:55 of 3rd period - Shot by Cole Caufield.
5:55 of 3rd period - Shot Blocked by Carson Soucy.
5:57 of 3rd period - Shot by Josh Norris.
5:57 of 3rd period - Stopped by Cam Talbot without a rebound.
5:58 of 3rd period - Luke Kunin wins face-off versus Nico Hischier in Canadiens zone.
6:07 of 3rd period - Carson Soucy is hit by Nico Hischier.
6:13 of 3rd period - Shot by Evan Bouchard.
6:13 of 3rd period - Shot Misses the Net.
6:15 of 3rd period - Shot by Ryan Strome.
6:15 of 3rd period - Shot Blocked by Brandon Carlo.
7:04 of 3rd period - Luke Kunin is hit by Brenden Dillon and loses puck.
7:08 of 3rd period - Brandon Tanev is hit by Brenden Dillon and loses puck.
7:13 of 3rd period - Shot by Luke Kunin.
7:13 of 3rd period - Stopped by Jack Campbell without a rebound.
7:14 of 3rd period - Radek Faksa wins face-off versus Bryan Little in Bruins zone.
7:31 of 3rd period - Shot by Bryan Little.
7:31 of 3rd period - Stopped by Cam Talbot without a rebound.
7:32 of 3rd period - Colton Sceviour wins face-off versus Auston Matthews in Canadiens zone.
7:38 of 3rd period - Matthew Nieto is hit by John Carlson and loses puck.
8:38 of 3rd period - Shot by Jonathan Huberdeau.
8:38 of 3rd period - Stopped by Jack Campbell without a rebound.
8:39 of 3rd period - Radek Faksa wins face-off versus Nico Hischier in Bruins zone.
9:00 of 3rd period - Shot by Nico Hischier.
9:00 of 3rd period - Shot Misses the Net.
9:12 of 3rd period - Shot by Nico Hischier.
9:12 of 3rd period - Shot Misses the Net.
9:14 of 3rd period - Shot by Brenden Dillon.
9:14 of 3rd period - Shot Misses the Net.
9:16 of 3rd period - Shot by Olli Maatta.
9:16 of 3rd period - Shot Blocked by Brandon Carlo.
9:18 of 3rd period - Shot by Sam Reinhart.
9:18 of 3rd period - Shot Misses the Net.
9:42 of 3rd period - Shot by Ryan Strome.
9:42 of 3rd period - Shot Misses the Net.
9:52 of 3rd period - Shot by Josh Norris.
9:52 of 3rd period - Shot Misses the Net.
9:54 of 3rd period - Shot by Ryan Strome.
9:54 of 3rd period - Shot Blocked by Brandon Carlo.
10:19 of 3rd period - Shot by Bryan Little.
10:19 of 3rd period - Stopped by Cam Talbot without a rebound.
10:20 of 3rd period - Dylan Strome wins face-off versus Brayden Schenn in Canadiens zone.
10:21 of 3rd period - Shot by Cole Caufield.
10:21 of 3rd period - Shot Misses the Net.
10:23 of 3rd period - Shot by Dylan Strome.
10:23 of 3rd period - Shot Misses the Net.
10:25 of 3rd period - Shot by Dante Fabbro.
10:25 of 3rd period - Stopped by Cam Talbot without a rebound.
10:26 of 3rd period - Brayden Schenn wins face-off versus Dylan Strome in Canadiens zone.
10:28 of 3rd period - Icing by John Carlson.
10:29 of 3rd period - Brayden Schenn wins face-off versus Dylan Strome in Canadiens zone.
10:29 of 3rd period - Jonathan Huberdeau is hit by Jake Virtanen.
10:32 of 3rd period - Kasperi Kapanen is hit by Haydn Fleury and loses puck.
10:59 of 3rd period - Shot by Kasperi Kapanen.
10:59 of 3rd period - Stopped by Jack Campbell without a rebound.
11:00 of 3rd period - Josh Norris wins face-off versus Luke Kunin in Bruins zone.
11:00 of 3rd period - Josh Norris is hit by Brandon Tanev.
11:05 of 3rd period - Bryan Little is hit by Brandon Tanev and loses puck.
11:13 of 3rd period - Icing by Josh Norris.
11:14 of 3rd period - Bryan Little wins face-off versus Auston Matthews in Bruins zone.
11:23 of 3rd period - Shot by Ryan Strome.
11:23 of 3rd period - Shot Misses the Net.
11:25 of 3rd period - Shot by Olli Maatta.
11:25 of 3rd period - Stopped by Cam Talbot with a rebound.
11:27 of 3rd period - Shot by Brenden Dillon.
11:27 of 3rd period - Stopped by Cam Talbot without a rebound.
11:28 of 3rd period - Carter Verhaeghe wins face-off versus Brayden Schenn in Canadiens zone.
11:28 of 3rd period - Sam Reinhart is hit by Morgan Rielly and loses puck.
11:32 of 3rd period - Icing by Matt Roy.
11:33 of 3rd period - Nico Hischier wins face-off versus Brayden Schenn in Canadiens zone.
11:43 of 3rd period - Icing by Matt Roy.
11:44 of 3rd period - Brayden Schenn wins face-off versus Josh Norris in Canadiens zone.
11:48 of 3rd period - Kasperi Kapanen is hit by Riley Stillman.
12:23 of 3rd period - Evan Bouchard is hit by Morgan Rielly and loses puck.
13:46 of 3rd period - Shot by Brandon Carlo.
13:46 of 3rd period - Shot Misses the Net.
13:48 of 3rd period - Shot by Jake Muzzin.
13:48 of 3rd period - Shot Misses the Net.
14:00 of 3rd period - Shot by Brandon Tanev.
14:00 of 3rd period - Shot Misses the Net.
14:02 of 3rd period - Shot by Brandon Carlo.
14:02 of 3rd period - Stopped by Jack Campbell without a rebound.
14:03 of 3rd period - Radek Faksa wins face-off versus Nico Hischier in Bruins zone.
14:12 of 3rd period - Shot by Sam Reinhart.
14:12 of 3rd period - Stopped by Cam Talbot without a rebound.
14:13 of 3rd period - Brayden Schenn wins face-off versus Dylan Strome in Canadiens zone.
14:27 of 3rd period - Icing by Brenden Dillon.
14:28 of 3rd period - Auston Matthews wins face-off versus Dylan Strome in Bruins zone.
14:40 of 3rd period - Dylan Strome is hit by Carson Soucy.
14:43 of 3rd period - Minor Penalty to Zach Hyman for Tripping.
14:44 of 3rd period - Luke Kunin wins face-off versus Nico Hischier in Canadiens zone.
15:07 of 3rd period - Shot by Dylan Strome.
15:07 of 3rd period - Goal by Dylan Strome - Canadiens : 1 - Bruins : 4.
15:08 of 3rd period - Auston Matthews wins face-off versus Nico Hischier in neutral zone.
15:30 of 3rd period - Shot by Auston Matthews.
15:30 of 3rd period - Stopped by Jack Campbell without a rebound.
15:31 of 3rd period - Brayden Schenn wins face-off versus Colton Sceviour in Bruins zone.
15:36 of 3rd period - Shot by Jonathan Huberdeau.
15:36 of 3rd period - Shot Misses the Net.
15:38 of 3rd period - Shot by Kasperi Kapanen.
15:38 of 3rd period - Shot Misses the Net.
15:40 of 3rd period - Shot by John Carlson.
15:40 of 3rd period - Stopped by Jack Campbell without a rebound.
15:41 of 3rd period - Dylan Strome wins face-off versus Luke Kunin in Bruins zone.
15:41 of 3rd period - Dylan Strome is hit by Brandon Tanev.
15:53 of 3rd period - Shot by Egor Korshkov.
15:53 of 3rd period - Shot Misses the Net.
17:09 of 3rd period - Shot by Nico Hischier.
17:09 of 3rd period - Stopped by Cam Talbot without a rebound.
17:10 of 3rd period - Auston Matthews wins face-off versus Colton Sceviour in Canadiens zone.
18:05 of 3rd period - Carson Soucy is hit by Colton Sceviour and loses puck.
18:19 of 3rd period - Shot by Clayton Keller.
18:19 of 3rd period - Shot Misses the Net.
18:23 of 3rd period - Shot by Radek Faksa.
18:23 of 3rd period - Shot Hit the Post.
18:25 of 3rd period - Shot by John Carlson.
18:25 of 3rd period - Shot Hit the Post.
19:13 of 3rd period - Shot by Jonathan Huberdeau.
19:13 of 3rd period - Shot Misses the Net.
19:36 of 3rd period - Brayden Schenn is hit by Brenden Dillon and loses puck.
19:49 of 3rd period - Brenden Dillon is hit by Brayden Schenn and loses puck.
Goals for this period are 0 for Canadiens vs 2 for Bruins.
Shots for this period are 19 for Canadiens vs 12 for Bruins.




Output by the SimonT Hockey Simulator (STHS) for Eric Henault - Original Page W3C HTML5 Valid
Hockey Simulator - Hockey Simulation - Hockey Manager